 Dungeon Crawl Stone Soup version 0.28.0-53-g5a82cb258f (webtiles) character file.

Game seed: 15673804806536826438

54 Duralumin the Gusty (level 3, 0/24 HPs)
             Began as a Demonspawn Air Elementalist on July 20, 2022.
             Succumbed to an adder's poison
             ... on level 1 of the Dungeon.
             The game lasted 00:05:06 (1357 turns).

Duralumin the Gusty (Demonspawn Air Elementalist)   Turns: 1357, Time: 00:05:07

Health: 0/24       AC:  2    Str:  8    XL:     3   Next: 66%
Magic:  1/7        EV: 12    Int: 18    God:
Gold:   55         SH:  0    Dex: 13    Spells: 4/7 levels left

rFire   . . .      SeeInvis .   e - +0 dagger
rCold   . . .      Faith    .   (no shield)
rNeg    . . .      Spirit   .   a - +0 robe
rPois   +          Reflect  .   (no helmet)
rElec   .          Harm     .   (no cloak)
rCorr   .          Rampage  .   (no gloves)
Will    .....                   (no boots)
Stlth   ++........              (no amulet)
HPRegen 0.08/turn               d - ring of poison resistance
MPRegen 0.10/turn               (no ring)

@: lethally poisoned (0 -> -4), flying, very slightly contaminated
A: ignite blood 1
a: no special abilities


You were on level 1 of the Dungeon.
You visited 1 branch of the dungeon, and saw 2 of its levels.

You collected 55 gold pieces.

Inventory:

Hand Weapons
 e - a +0 dagger (weapon)
Armour
 a - a +0 robe (worn)
Jewellery
 d - a ring of poison resistance (left hand)
 g - an amulet of regeneration
Scrolls
 c - a scroll of identify {unknown}
 h - a scroll of fog {unknown}
Potions
 b - 2 potions of curing {unknown}
 f - a potion of flight


   Skills:
 - Level 1.7 Dodging
 - Level 1.7 Stealth
 + Level 2.6 Spellcasting
 + Level 2.1 Conjurations
 + Level 3.3 Air Magic


You had 4 spell levels left.
You knew the following spells:

 Your Spells              Type           Power      Damage    Failure   Level
a - Shock                 Conj/Air       48%        1d6       5%          1
b - Static Discharge      Conj/Air       12%        N/A       9%          2

Your spell library contained the following spells:

 Spells                   Type           Power      Damage    Failure   Level
 Swiftness                Air            14%        N/A       13%         3
 Airstrike                Air            7%         N/A       41%         4


Dungeon Overview and Level Annotations

Branches:
Dungeon (2/15)

Altars:

Annotations:
D:2 Natasha


Innate Abilities, Weirdness & Mutations

Your demonic aura sometimes causes spilled blood to erupt in flames.


Message History

Aiming: Shock (safe; 6% risk of failure)
Press: ? - help, Shift-Dir - straight line The zap hits the adder.
The adder is moderately wounded.
The zap hits the adder.
The adder is moderately wounded.
The adder misses you.
Casting: Shock (safe; 6% risk of failure)
Confirm with . or Enter, or press ? or * to list all spells.
Aiming: Shock (safe; 6% risk of failure)
Press: ? - help, Shift-Dir - straight line The zap hits the adder.
The adder is heavily wounded.
The zap hits the adder.
The adder is severely wounded.
The adder bites you.
* * * LOW HITPOINT WARNING * * *
The adder misses you.
Casting: Shock (safe; 6% risk of failure)
Confirm with . or Enter, or press ? or * to list all spells.
Aiming: Shock (safe; 6% risk of failure)
Press: ? - help, Shift-Dir - straight line You miscast Shock.
Nothing appears to happen.
The adder bites you.
* * * LOW HITPOINT WARNING * * *
The adder completely misses you. x2
Unknown command.
Casting: Shock (safe; 6% risk of failure)
Confirm with . or Enter, or press ? or * to list all spells.
Aiming: Shock (safe; 6% risk of failure)
Press: ? - help, Shift-Dir - straight line The zap hits the adder.
You kill the adder!
The adder bites you.
* * * LOW HITPOINT WARNING * * *
You are lethally poisoned!
The adder poisons you!
It was a potion of flight.
You feel very buoyant.
You fly up into the air.
You die...

........# #.# #....... ###.....#
#.# #....### #.....# #.# #.......
##...## #.# ####.... #...#
#.#########..#.#.. #...#
#.#......##.##....
####...#########>#.####.....####.
...........#...#.S...##.....# #.
...............#@#.#........# #.
.>.........#...#>†.#..#.....# #.
##.#...#.####.##.#.#..#.....# #.
#.#...#.# #.##........##### #.
#.#...#.# #.####.##.##### ####.
#(#...#.## #.# #.##.###.###.###
##.##.##..###.# #.#.............
##.......#.##.####...##.###.###.#
...##.#.###.#......#.#...........


You could see an adder.

Vanquished Creatures
  Natasha (D:2)
  An adder (D:1)
  4 bats
  3 endoplasms (D:1)
  A giant cockroach (D:1)
  A goblin (D:1)
  3 hobgoblins
  A quokka (D:1)
  4 frilled lizards (D:1)
19 creatures vanquished.

Notes
Turn   | Place    | Note
-------+----------+-------------------------------------------
     0 | D:1      | Duralumin the Demonspawn Air Elementalist began the quest
                  | for the Orb.
     0 | D:1      | Reached XP level 1. HP: 13/13 MP: 3/3
   339 | D:1      | Gained mutation: Your demonic aura sometimes causes spilled
                  | blood to erupt in flames. [demonic ancestry]
   339 | D:1      | Reached XP level 2. HP: 19/19 MP: 3/5
   546 | D:1      | Learned a level 2 spell: Static Discharge
   613 | D:1      | Reached skill level 3 in Air Magic
  1214 | D:2      | Noticed Natasha
  1225 | D:2      | Killed Natasha
  1226 | D:2      | Reached XP level 3. HP: 18/24 MP: 0/6
  1319 | D:2      | Noticed Natasha
  1355 | D:1      | HP: 1/24 [adder (3)]
  1357 | D:1      | Succumbed to an adder's poison

Illustrated notes

Levels and vault maps discovered:
D:1:      dpeg_arrival_more_subterranean_lakeside_camping, layout_loops_cross,
          chequers_big_river, nicolae_concentric_dashed_squares_mild
D:2:      layout_rooms, minivault_4, nrook_mini_vaults, uniq_natasha

Skill      XL: |  1  2 |
---------------+-------+-----
Air Magic      | 3 |  3.3
Conjurations   | 2 |  2.1
Dodging        | |  1.7
Stealth        | |  1.7
Spellcasting   | |  2.6

Action                   || total
-------------------------++-------
Melee: Dagger            ||     3
 Cast: Shock             ||    34
  Use: Potion            ||     1
 Stab: Sleeping          ||     1
Armor: Robe              ||     7
Dodge: Dodged            ||    25
